 Dungeon Crawl Stone Soup version 0.26-a0-540-g8a0c9464d7 (webtiles) character file.

Game seed: 13139996577442416750

16 Lanoc the Skirmisher (level 2, -1/29 HPs)
             Began as a Gnoll Abyssal Knight on Aug 19, 2020.
             Was a Follower of Lugonu.
             Killed from afar by an orc wizard (10 damage)
             ... with a puff of frost
             ... on level 3 of the Dungeon.
             The game lasted 00:01:25 (527 turns).

Lanoc the Skirmisher (Gnoll Abyssal Knight)          Turns: 527, Time: 00:01:26

Health: -1/29      AC:  3    Str: 14    XL:     2   Next: 58%
Magic:  5/5        EV: 12    Int: 14    God:    Lugonu [*.....]
Gold:   188        SH:  0    Dex: 14    Spells: 1/1 levels left

rFire    . . .     SeeInvis .   a - +1 spear
rCold    . . .     Faith    .   (no shield)
rNeg     + . .     Spirit   .   b - +0 leather armour
rPois    .         Reflect  .   (no helmet)
rElec    .         Harm     .   (no cloak)
rCorr    .                      (no gloves)
MR       .....                  (no boots)
Stlth    +.........             g - amulet of magic regeneration
HPRegen  0.09/turn              f - ring of positive energy
MPRegen  0.34/turn              (no ring)

@: no status effects
A: distributed training, fangs 1, strong nose
a: Depart the Abyss, Renounce Religion


You were on level 3 of the Dungeon.
You worshipped Lugonu.
Lugonu was aware of your devotion.
You visited 1 branch of the dungeon, and saw 3 of its levels.
You visited the Abyss 1 time.

You collected 188 gold pieces.

Inventory:

Hand Weapons
 a - a +1 spear (weapon)
Armour
 b - a +0 leather armour (worn)
Jewellery
 f - a ring of positive energy (left hand)
 g - an amulet of magic regeneration (around neck)
Scrolls
 d - 2 scrolls of teleportation {unknown}
 e - 3 scrolls of fog {unknown}
Potions
 c - a potion of brilliance {unknown}


   Skills:
 + Level 6.5 Fighting
 + Level 0.4 Short Blades
 + Level 0.4 Long Blades
 + Level 0.4 Axes
 + Level 0.4 Maces & Flails
 + Level 4.5 Polearms
 + Level 0.4 Staves
 + Level 0.4 Slings
 + Level 0.4 Bows
 + Level 0.4 Crossbows
 + Level 0.4 Throwing
 + Level 4.5 Armour
 + Level 2.5 Dodging
 + Level 0.4 Stealth
 + Level 0.4 Shields
 + Level 0.4 Unarmed Combat
 + Level 0.4 Spellcasting
 + Level 0.2 Conjurations
 + Level 0.2 Hexes
 + Level 0.2 Summonings
 + Level 0.2 Necromancy
 + Level 0.2 Translocations
 + Level 0.2 Transmutations
 + Level 0.2 Fire Magic
 + Level 0.2 Ice Magic
 + Level 0.2 Air Magic
 + Level 0.2 Earth Magic
 + Level 0.2 Poison Magic
 + Level 4.5 Invocations
 + Level 0.4 Evocations


You had one spell level left.
You didn't know any spells.
Your spell library was empty.

Dungeon Overview and Level Annotations

Branches:
Dungeon (3/15)

Altars:


Innate Abilities, Weirdness & Mutations

Your experience applies equally to all skills.
You have very sharp teeth.
Your uncanny sense of smell can sniff out nearby items.


Message History

You miss the orc wizard.
The orc wizard is moderately wounded.
You completely miss the orc wizard.
You bite the orc wizard, but do no damage.
The orc wizard is moderately wounded.
The orc wizard barely misses you.
The orc wizard casts a spell.
The orc wizard flickers and vanishes!
Deactivating autopickup; reactivate with Ctrl-A.
You hit the orc wizard but do no damage.
The orc wizard is moderately wounded.
The orc wizard hits you with a +0 dagger.
You barely miss the orc wizard.
The orc wizard is moderately wounded.
The orc wizard closely misses you.
You hit the orc wizard.
The orc wizard is heavily wounded.
The orc wizard gestures at you while chanting.
The puff of frost hits you!
You die...

### ∆ ... ####.# ....#
...# o{# #o#
.######@####...
.....(....$..#
#######)#####... #.
#...[...... ##..######
#..#)...... ...#....#
#..#......#
#....##.####..#.......
#.#......)....#.....##
####.#...#.......#.....#


You could see an orc wizard and an orc.

Vanquished Creatures
  A leopard gecko (D:3)
  2 orcs (D:3)
  2 bats (D:3)
  3 goblins
  A quokka (D:3)
  3 frilled lizards
  A kobold (D:3)
13 creatures vanquished.

Notes
Turn   | Place    | Note
-------+----------+-------------------------------------------
     0 | Abyss:1  | Lanoc the Gnoll Abyssal Knight began the quest for the Orb.
     0 | Abyss:1  | Reached XP level 1. HP: 23/23 MP: 3/3
    41 | Abyss:2  | Noticed a sixfirhy
    76 | Abyss:3  | Noticed a bone dragon
    95 | Abyss:3  | Noticed a small abomination
   102 | Abyss:3  | Noticed a tentacled starspawn
   106 | D:1      | Escaped the Abyss
   362 | D:3      | Reached XP level 2. HP: 25/29 MP: 5/5
   441 | D:3      | Reached * piety under Lugonu
   527 | D:3      | Killed from afar by an orc wizard

Illustrated notes

Levels and vault maps discovered:
D:1:      dpeg_arrival_central, layout_basic
D:2:      layout_rooms, nicolae_tso_swordbearing_angel,
          nicolae_overflow_hidden_temple, lemuel_doored_altar,
          uniq_crazy_yiuf_cottage, uniq_terence
D:3:      cheibrodos_thug_alley, layout_basic, fedhas_altar_3

Action                   || total
-------------------------++-------
Melee: Spear             ||    56
       Bite              ||     7
Invok: Depart the Abyss  ||     1
 Stab: Sleeping          ||     1
Armor: Leather armour    ||     7
Dodge: Dodged            ||    21

Table legend: (Time is in decaauts)
 A = Elapsed time spent in this place.
 B = Non-inter-level travel time spent in this place.
 C = Inter-level travel time spent in this place.
 D = Time resting spent in this place.
 E = Time spent auto-exploring this place.
 F = Levels seen in this place.
 G = Mean time per level.
                   A        B        C        D        E       F      G
               +--------+--------+--------+--------+--------+-----+--------+
         Total |    518 |    511 |      7 |      0 |    333 |   6 |   86.3 |
       Dungeon |    412 |    405 |      7 |      0 |    315 |   3 |  137.3 |
         Abyss |    105 |    105 |      0 |      0 |     18 |   3 |   35.0 |
               +--------+--------+--------+--------+--------+-----+--------+

Top non-repeatable levels by time:
     D:3: 298 daAuts
     D:1: 84 daAuts
 Abyss:2: 51 daAuts
 Abyss:3: 34 daAuts
     D:2: 29 daAuts
 Abyss:1: 19 daAuts
